cohdb
Replays
Latest Replays
All Replays
Popular Replays
Top Player Replays
Match Explorer
How It Works
Community
CoH3 Stats
Reddit
Sign in to upload your games and track your stats! →
Sign in with Steam
Match 40726775
Unlisted
Match 40726775
Overview
Messages
Build Orders
End
Kettenkrad Recon Vehicle
Construct Infanterie Kompanie
Grenadier Squad
MG 42 Machine Gun Team
Grenadier Squad
Infanterie Officer Quarters
Grenadier Squad
Grenadier Squad
Medical Bunker
Construct Luftwaffe Kompanie
Flak 30 Anti-aircraft Gun Team
Grenadier Squad
Flak 30 Anti-aircraft Gun Team
Luftwaffe Officer Quarters
Support Elements
Construct Panzer Kompanie
Panzer IV Medium Tank
Pioneer Squad
Manitou
Farlion
0
0
Comments
sign in to comment!
No comments posted yet!